 Dungeon Crawl Stone Soup version 0.22-a0-49-g614aadd (webtiles) character file.

207136 gmonis the Impregnable (level 18, -8/184 HPs)
             Began as a Minotaur Berserker on Jan 8, 2018.
             Was a High Priest of Trog.
             Killed by the raging water
             ... invoked by a water nymph
              (19 damage)
             ... on level 4 of the Shoals.
             The game lasted 02:58:48 (53266 turns).

gmonis the Impregnable (Minotaur Berserker)        Turns: 53266, Time: 02:58:49

Health: -8/184     AC: 28    Str: 26    XL:     18   Next: 46%
Magic:  17/17      EV: 12    Int:  6    God:    Trog [*****.]
Gold:   3003       SH:  0    Dex: 12    Spells: 17/17 levels left

rFire    + . .     SeeInvis .   a - +10 dire flail "Grim" {drain, rN+}
rCold    + + .     Gourm    .   (shield currently unavailable)
rNeg     + . .     Faith    +   T - +3 plate armour {rC+}
rPois    .         Spirit   .   (helmet restricted)
rElec    .         Reflect  .   b - scarf {rC+ rF+}
rCorr    .         Harm     .   C - +2 pair of gloves
MR       +++..                  (no boots)
Stlth    ..........             j - amulet of faith
HPRegen  1.40/turn              V - +1 ring of protection
MPRegen  0.15/turn              O - ring of flight

@: mesmerised, very slightly contaminated, regenerating, very slow
A: retaliatory headbutt, horns 2
a: Berserk, Trog's Hand, Brothers in Arms, Burn Spellbooks, Renounce Religion,
Evoke Flight


You were on level 4 of the Shoals.
You worshipped Trog.
Trog was extremely pleased with you.
You were hungry.

You visited 6 branches of the dungeon, and saw 31 of its levels.
You also visited: Labyrinth and Volcano.

You collected 3498 gold pieces.
You spent 495 gold pieces at shops.

Inventory:

Hand Weapons
 a - the +10 dire flail "Grim" (weapon) {drain, rN+}
   (Trog gifted it to you on level 2 of the Lair of Beasts)

   A truly terrible weapon, it drains the life of those it strikes.
   It protects you from negative energy.
 o - a +7 antimagic great mace
 E - a +2 morningstar of protection
Armour
 b - a scarf of resistance (worn)
 y - a scarf of cloud immunity
 B - a +1 chain mail of fire resistance
 C - a +2 pair of gloves (worn)
 T - a +3 plate armour of cold resistance (worn)
Jewellery
 e - an uncursed ring of positive energy
 j - an amulet of faith (around neck)
 p - the ring of Brilliance {rC+ Int+4 Stlth+, unknown}
   (You found it on level 3 of the Shoals)

   [ring of protection from cold]

   It affects your intelligence (+4).
   It protects you from cold.
   It makes you more stealthy.
 q - an uncursed ring of ice
 F - an uncursed ring of protection from cold
 G - an uncursed ring of resist corrosion
 I - an uncursed ring of poison resistance
 K - an uncursed ring of protection from fire
 L - an uncursed ring of ice
 M - the ring "Mawituz" {MR+ Stlth+}
   (You took it off a deep elf death mage on level 3 of the Elven Halls)

   [ring of stealth]

   It affects your resistance to hostile enchantments.
   It makes you more stealthy.
 O - a ring of flight (right hand)
 Q - an uncursed ring of see invisible
 V - a +1 ring of protection (left hand)
Wands
 u - a wand of polymorph (22)
 D - a wand of flame (66)
 P - a wand of iceblast (14)
 U - a wand of scattershot (5)
 X - a wand of paralysis (30)
 Y - a wand of disintegration (12)
 Z - a wand of random effects (60)
Scrolls
 d - 11 scrolls of teleportation
 h - 6 scrolls of enchant weapon
 i - 2 scrolls of acquirement
 k - 12 scrolls of remove curse
 l - 5 scrolls of magic mapping
 r - 6 scrolls of fear
 s - 10 scrolls of fog
 w - 4 scrolls of enchant armour
Potions
 g - 5 potions of brilliance
 m - 6 potions of might
 n - 6 potions of flight
 t - 3 potions of heal wounds
 v - 2 potions of berserk rage
 x - 8 potions of curing
 z - 4 potions of ambrosia
 A - 3 potions of agility
 H - 2 potions of cancellation
 N - 4 potions of magic
 S - 5 potions of haste
Miscellaneous
 R - a lamp of fire
 W - a fan of gales
Comestibles
 c - 16 rations
 J - 3 chunks of flesh


   Skills:
 + Level 22.1 Fighting
 - Level 20.0 Maces & Flails
 + Level 23.1 Armour
 + Level 7.1 Dodging


You had 17 spell levels left.
You didn't know any spells.

Dungeon Overview and Level Annotations

Branches:
Dungeon (15/15)            Temple (1/1) D:5            Lair (6/6) D:9
 Shoals (4/4) Lair:3       Spider (0/4) Lair:4        Slime (0/5) Lair:6
    Orc (2/2) D:9             Elf (3/3) Orc:2        Vaults (0/5) D:13
 Depths (0/5) D:15

Altars:
Ashenzari
Cheibriados
Dithmenos
Elyvilon
Fedhas
Gozag
Hepliaklqana
Kikubaaqudgha
Nemelex Xobeh
Okawaru
Qazlal
Ru
Sif Muna
Trog
Uskayaw
Vehumet
Wu Jian
Xom
Yredelemnul
Zin
The Shining One
Beogh
Jiyva

Shops:
D:9 !}%   D:10 [   Orc:2 :([}*[   Elf:1 *(*[   Elf:2 !?%!   Shoals:1 %

Annotations:
Shoals:4 Ilsuiw
Elf:2 exclusion: Roxanne, Roxanne


Innate Abilities, Weirdness & Mutations

You reflexively headbutt those who attack you in melee.
You have a pair of horns on your head.


Message History

The merfolk impaler barely misses you. The sea snake bites you!
* * * LOW HITPOINT WARNING * * *
The merfolk avatar chants a haunting song.
You are mesmerised by the merfolk avatar!
A merfolk javelineer comes into view. It is wielding a spear.
Your skin crawls.
You feel resistant to hostile enchantments.
You feel somewhat more hungry.
The water nymph gestures at you while chanting.
The water swirls and strikes you!
* * * LOW HITPOINT WARNING * * *
The merfolk impaler hits you but does no damage.
The snapping turtle barely misses you.
The sea snake bites you but does no damage.
The merfolk impaler closely misses you.
You are too mesmerised to rage.
You barely miss the merfolk impaler.
The water nymph points at you and mumbles some strange words.
The water swirls and strikes you!
You die...

.......##.#.#. #≈.........
......(#...≈...#.≈........##
.......)..≈≈#.#...........≈
.........#####..≈≈≈.......#
..........#≈≈..≈≈≈≈≈≈.....#
...............≈≈≈≈≈≈.....#
...............≈≈≈≈≈≈...:.#
Pm≈...(.........≈≈≈≈≈m....###
..≈≈......)m...m@Stk≈≈≈≈≈...##
..≈≈≈.<).......#≈###≈≈mm≈≈≈≈#.###
.≈≈≈≈..........### ###≈≈≈≈≈≈≈≈≈..
.≈≈≈≈≈....)..##.≈# ###≈≈≈≈≈≈≈§≈
≈≈≈≈≈≈.†.†....# ≈≈ ≈≈≈≈≈≈≈≈≈≈
≈≈≈≈≈≈.......## # ≈≈≈≈≈≈##≈≈
≈≈≈≈≈≈.......# ≈≈≈≈≈≈####
.≈≈≈≈≈.......≈# ≈≈≈###
.........[...≈# ≈≈


You could see 2 merfolk avatars, a merfolk impaler, a merfolk javelineer, a sea
snake, a snapping turtle, a wind drake and a water nymph.

Vanquished Creatures
  Nikola (Elf:1)
  Asterion (Elf:1)
  2 deep elf blademasters
  2 deep elf master archers (Elf:3)
  A deep elf sorcerer (Elf:3)
  The ghost of puck the Warrior, a journeyman MiBe of Trog (D:15)
  Louise (D:14)
  An orc warlord (Orc:2)
  6 deep elf elementalists (Elf:3)
  6 deep elf demonologists (Elf:3)
  3 deep elf annihilators
  3 merfolk javelineers
  Snorg (D:13)
  7 deep elf death magi
  A deep elf high priest (Elf:3)
  A minotaur (Lab)
  4 merfolk impalers
  Josephine (D:12)
  Fannar (Orc:1)
  6 hydras
  Erolcha (D:13)
  3 vault guards (D:13)
  Harold (D:12)
  4 merfolk aquamancers
  2 catoblepae (Lair:6)
  3 satyrs
  21 dancing weapons
  3 merfolk avatars
  An ogre mage (D:15)
  3 centaur warriors
  A death knight (D:15)
  3 death yaks (Lair:6)
  An orc high priest (Orc:2)
  15 two-headed ogres
  A deep troll earth mage (D:13)
  3 tengu warriors (D:15)
  10 deep elf knights
  Sonja (D:13)
  Nergalle (Orc:1)
  A fire crab (shapeshifter) (D:15)
  An iron troll (D:13)
  2 skeletal warriors
  An unseen horror (D:11)
  9 sea snakes
  The ghost of gmonis the Arsonist, a novice DrFE of Vehumet (D:9)
  A wizard (D:13)
  2 necromancers
  24 harpies
  3 lindwurms
  13 cyclopes
  44 deep elf magi
  4 orc knights (Orc:2)
  7 deep elf archers
  A wolf spider zombie (D:14)
  An oklob plant (Lair:4)
  8 orc sorcerers
  2 moths of wrath (D:13)
  10 fauns
  13 manticores
  5 ugly things
  4 large abominations
  5 molten gargoyles (Volcano)
  3 black mambas
  3 merfolk sirens
  13 elephants
  2 gargoyles
  A guardian serpent (shapeshifter) (Elf:2)
  7 spiny frogs
  5 water nymphs
  A torpor snail (Lair:6)
  A freezing wraith (D:15)
  4 komodo dragons
  2 kobold demonologists
  2 efreet (Volcano)
  A silent spectre (D:13)
  32 merfolk
  A queen bee (Lair:5)
  2 jumping spiders (Lair:4)
  6 meliai
  A wind drake (shapeshifter) (D:15)
  A polar bear (Lair:5)
  10 trolls
  4 wind drakes
  3 hornets
  5 slime creatures
  A small abomination (Elf:3)
  11 dream sheep
  A harpy skeleton (D:12)
  14 blink frogs
  A centaur simulacrum (D:14)
  18 hippogriffs
  6 snapping turtles
  An air elemental (Elf:3)
  A redback (Lair:4)
  7 fire elementals
  A shadow (D:13)
  7 wraiths
  A wyvern (D:8)
  16 water elementals
  22 yaks
  A hungry ghost (D:13)
  3 basilisks
  A hog (shapeshifter) (D:14)
  4 vampire mosquitoes
  A steam dragon (D:11)
  Edmund (D:4)
  5 wargs
  2 soldier ants (D:8)
  7 water moccasins
  Duvessa (D:4)
  3 ice beasts
  8 porcupines
  5 sky beasts
  A black bear (D:6)
  27 orc warriors
  A necrophage (D:9)
  13 centaurs
  5 boggarts
  13 ogres
  12 crocodiles
  An earth elemental (Volcano)
  6 elf zombies
  13 bullfrogs
  A big kobold (D:14)
  A wyvern zombie (D:13)
  Dowan (D:4)
  A hornet simulacrum (D:14)
  3 scorpions
  39 killer bees
  2 oklob saplings (D:9)
  5 wights (D:7)
  7 crimson imps
  4 centaur zombies
  4 jellies
  16 orc priests
  9 hounds
  Crazy Yiuf (D:5)
  2 bullfrog skeletons
  3 centaur skeletons
  5 iguanas
  A hell rat (Lair:6)
  15 worker ants
  28 orc wizards
  17 adders
  4 gnolls (D:3)
  3 shadow imps
  An ooze (D:6)
  An adder skeleton (D:8)
  7 worms
  2 dart slugs (D:1)
  9 leopard geckos
  55 orcs
  10 ball pythons
  12 giant cockroaches
  11 goblins
  6 hobgoblins
  9 jackals
  18 kobolds
  5 quokkas
  4 bats
  5 frilled lizards
  A quokka skeleton (D:6)
  2 quokka zombies
  5 rats
  A spectral orc (D:5)
  A bush (Lair:4)
  2 crawling corpses (Elf:3)
  A fire vortex (Volcano)
  3 plants
985 creatures vanquished.

Vanquished Creatures (collateral kills)
  Rupert (D:12)
  A deep elf blademaster (Elf:3)
  A deep elf elementalist (Elf:3)
  2 deep elf death magi (Elf:3)
  A vault guard (D:13)
  A deep troll earth mage (D:13)
  An obsidian statue (D:15)
  A deep elf mage (D:13)
  A moth of wrath (D:13)
  An ugly thing (D:13)
  A centaur zombie (D:13)
  A merfolk (Shoals:3)
  A bullfrog (D:13)
  A crimson imp (D:13)
15 creatures vanquished.

Vanquished Creatures (others)
  An orc (D:13)
  14 fungi
  19 plants
34 creatures vanquished.

Grand Total: 1034 creatures vanquished

Notes
Turn   | Place    | Note
-------+----------+-------------------------------------------
     0 | D:1      | gmonis the Minotaur Berserker began the quest for the Orb.
     0 | D:1      | Reached XP level 1. HP: 19/19 MP: 0/0
   110 | D:1      | Reached XP level 2. HP: 27/27 MP: 1/1
   430 | D:1      | Reached XP level 3. HP: 33/33 MP: 2/2
   536 | D:1      | Reached ** piety under Trog
   912 | D:2      | Reached skill level 5 in Maces & Flails
  1133 | D:2      | Reached XP level 4. HP: 26/40 MP: 3/3
  2054 | D:3      | Reached XP level 5. HP: 46/46 MP: 4/4
  2266 | D:3      | Reached *** piety under Trog
  2345 | D:3      | Received a gift from Trog
  2950 | D:4      | Reached XP level 6. HP: 50/52 MP: 5/5
  3226 | D:4      | Noticed Duvessa
  3228 | D:4      | Noticed Dowan
  3230 | D:4      | Noticed Edmund
  3233 | D:4      | Killed Duvessa
  3238 | D:4      | Killed Dowan
  3238 | D:4      | Reached XP level 7. HP: 58/58 MP: 6/6
  3247 | D:4      | Killed Edmund
  3247 | D:4      | Reached skill level 10 in Maces & Flails
  3970 | D:5      | Entered Level 5 of the Dungeon
  4420 | D:5      | Reached XP level 8. HP: 62/66 MP: 7/7
  4429 | D:5      | Found a runed door.
  4484 | D:5      | Found a staircase to the Ecumenical Temple.
  4873 | D:5      | Found a basalt altar of Yredelemnul.
  5250 | D:5      | Noticed Crazy Yiuf
  5254 | D:5      | Killed Crazy Yiuf
  5509 | D:6      | Reached **** piety under Trog
  6640 | D:6      | Reached XP level 9. HP: 70/71 MP: 8/8
  6655 | D:6      | Found a radiant altar of Vehumet.
  7146 | D:7      | Received a gift from Trog
  7161 | D:7      | Reached skill level 3 in Armour
  7517 | D:7      | Reached skill level 4 in Armour
  7573 | D:7      | Reached skill level 5 in Armour
  8006 | D:7      | Reached skill level 6 in Armour
  8746 | D:8      | Reached skill level 5 in Fighting
  8746 | D:8      | Reached skill level 7 in Armour
  9132 | D:8      | Noticed a two-headed ogre
  9143 | D:8      | Killed a two-headed ogre
  9143 | D:8      | Reached skill level 8 in Armour
  9143 | D:8      | Reached XP level 10. HP: 51/83 MP: 9/9
  9876 | D:8      | Paralysed by a hornet for 2 turns
  9880 | D:8      | Reached skill level 9 in Armour
  9961 | D:8      | Reached ***** piety under Trog
 10266 | D:9      | Found Masygg's Distillery.
 10371 | D:9      | Found a staircase to the Orcish Mines.
 10414 | D:9      | Noticed gmonis's ghost (novice DrFE)
 10426 | D:9      | Killed gmonis's ghost
 10426 | D:9      | Reached skill level 10 in Armour
 10582 | D:9      | Found Haotuahe's Gadget Shoppe.
 10616 | D:9      | Found a staircase to the Lair.
 10876 | D:9      | Found a blossoming altar of Fedhas.
 11005 | D:9      | Noticed a two-headed ogre
 11012 | D:9      | Killed a two-headed ogre
 11331 | D:9      | Found a shimmering altar of Xom.
 11370 | D:9      | Reached skill level 11 in Armour
 11461 | D:9      | Found a sacrificial altar of Ru.
 11461 | D:9      | Found an opulent altar of Gozag.
 11500 | D:9      | Found Mommagha's Food Boutique.
 11594 | D:9      | Found a hazy altar of Hepliaklqana.
 11788 | D:10     | Entered Level 10 of the Dungeon
 11833 | D:10     | Received a gift from Trog
 12056 | D:10     | Noticed a two-headed ogre
 12302 | D:10     | Reached XP level 11. HP: 33/95 MP: 10/10
 12656 | D:10     | Killed a two-headed ogre
 12985 | D:10     | Reached skill level 12 in Armour
 13160 | D:10     | Found Cykiat's Armour Shoppe.
 13297 | D:10     | Bought a +3 plate armour of cold resistance for 495 gold pieces
 13344 | D:11     | Noticed a white ugly thing
 13353 | D:11     | Killed a white ugly thing
 13362 | D:11     | Found a runed door.
 13440 | D:11     | Found a labyrinth entrance.
 13454 | Lab      | Entered a labyrinth
 14215 | Lab      | Noticed a minotaur
 14230 | Lab      | Killed a minotaur
 14230 | Lab      | Reached skill level 10 in Fighting
 14272 | Lab      | Got a heavily runed chain mail
 14678 | D:11     | Identified the cursed +1 chain mail of Uxtemiet {rF+} (You took it off a minotaur in a labyrinth)
 14914 | D:11     | Noticed a sixfirhy
 14931 | D:11     | Received a gift from Trog
 14941 | D:11     | Noticed a two-headed ogre
 14949 | D:11     | Killed a two-headed ogre
 15461 | D:11     | Noticed an unseen horror
 15463 | D:11     | Killed an unseen horror
 15514 | D:11     | Found a runed door.
 15647 | D:12     | Noticed Rupert
 15648 | D:12     | Paralysed by Rupert for 7 turns
 15659 | D:12     | Killed Rupert
 15659 | D:12     | Reached skill level 15 in Maces & Flails
 15836 | D:12     | Noticed Harold
 15845 | D:12     | Killed Harold
 15845 | D:12     | Reached XP level 12. HP: 96/107 MP: 11/11
 15925 | D:12     | Found a bloodstained altar of Trog.
 15953 | D:12     | Noticed Josephine
 15969 | D:12     | Killed Josephine
 16160 | D:12     | Found the +5 robe of Night {Dark MR+ SInv}
 16600 | D:13     | Received a gift from Trog
 16604 | D:13     | Noticed Erolcha
 16612 | D:13     | Killed Erolcha
 17305 | D:13     | Found a gate to the Vaults.
 17305 | D:13     | Noticed a vault guard
 17305 | D:13     | Noticed a vault guard
 17305 | D:13     | Noticed a vault guard
 17306 | D:13     | Noticed a vault guard
 17316 | D:13     | Killed a vault guard
 17321 | D:13     | Killed a vault guard
 17339 | D:13     | Killed a vault guard
 17341 | D:13     | Killed a vault guard
 17386 | D:13     | Noticed a centaur warrior
 17390 | D:13     | Killed a centaur warrior
 17701 | D:13     | Noticed Sonja
 17727 | D:13     | Killed Sonja
 17917 | D:13     | Noticed a two-headed ogre
 17922 | D:13     | Killed a two-headed ogre
 17922 | D:13     | Reached XP level 13. HP: 101/114 MP: 12/12
 17983 | D:13     | Noticed Snorg
 17996 | D:13     | Killed Snorg
 18588 | D:14     | Noticed Louise
 18600 | D:14     | Killed Louise
 18694 | D:13     | Reached skill level 13 in Armour
 18953 | D:13     | Identified 2 scrolls of acquirement
 18997 | D:13     | Found a transporter.
 19003 | D:13     | Found a transporter.
 19680 | Lair:1   | Entered Level 1 of the Lair of Beasts
 20241 | Lair:1   | Received a gift from Trog
 21046 | Lair:2   | Reached skill level 14 in Armour
 21659 | Lair:2   | Received a gift from Trog
 21741 | Lair:2   | Got an ancient dire flail {god gift}
 21742 | Lair:2   | Identified the +10 dire flail "Grim" {drain, rN+} (Trog gifted it to you on level 2 of the Lair of Beasts)
 22241 | Lair:3   | Found a dark tunnel.
 22422 | Volcano  | Entered a volcano
 22668 | Volcano  | Reached skill level 5 in Dodging
 22668 | Volcano  | Reached XP level 14. HP: 86/126 MP: 13/13
 23814 | Lair:3   | Found a staircase to the Shoals.
 23967 | Lair:3   | Reached skill level 15 in Armour
 24699 | Lair:4   | Found a hole to the Spider Nest.
 26413 | Lair:5   | Reached ****** piety under Trog
 26915 | Lair:6   | Entered Level 6 of the Lair of Beasts
 26917 | Lair:6   | Found a staircase to the Slime Pits.
 26917 | Lair:6   | Found a viscous altar of Jiyva.
 27307 | Lair:6   | Reached skill level 16 in Armour
 28095 | Lair:6   | Received a gift from Trog
 28354 | Lair:6   | Got a transparent plate armour
 28365 | Lair:6   | Identified the cursed +1 plate armour of Dege {*Slow MR++ Int+5} (You found it on level 6 of the Lair of Beasts)
 28606 | Orc:1    | Entered Level 1 of the Orcish Mines
 28720 | Orc:1    | Noticed Fannar
 28727 | Orc:1    | Killed Fannar
 28847 | Orc:1    | Noticed Nergalle
 28859 | Orc:1    | Killed Nergalle
 29235 | Orc:2    | Entered Level 2 of the Orcish Mines
 29459 | Orc:2    | Reached skill level 17 in Armour
 29465 | Orc:2    | Found Fonaiwikk's Antique Armour Shop.
 29469 | Orc:2    | Reached XP level 15. HP: 123/139 MP: 14/14
 29581 | Orc:2    | Found Kahoa's Gadget Shoppe.
 29612 | Orc:2    | Found Raij's General Store.
 29622 | Orc:2    | Paralysed by an orc sorcerer for 4 turns
 29648 | Orc:2    | Found Boaxzilu's Armour Boutique.
 29683 | Orc:2    | Noticed an orc warlord
 29887 | Orc:2    | Killed an orc warlord
 30210 | Orc:2    | Found Fazanawn's Antique Weapon Boutique.
 30439 | Orc:2    | Received a gift from Trog
 30445 | Orc:2    | Reached skill level 15 in Fighting
 30644 | Orc:2    | Found a roughly hewn altar of Beogh.
 31178 | Orc:2    | Found a staircase to the Elven Halls.
 31226 | Orc:2    | Found Ibureceh's Book Shoppe.
 31700 | D:13     | Found a runed door.
 32079 | D:13     | Found a bloodstained altar of Trog.
 32080 | D:13     | Found the cursed necklace of Bloodlust {*Rage +Rage MR++ Int-3 Slay+6 *Curse}
 32101 | D:13     | Got a faintly glowing plate armour
 32112 | D:13     | Identified the +4 plate armour of the Ace of Wands {MR++} (You found it on level 13 of the Dungeon)
 32646 | D:14     | Reached skill level 18 in Armour
 32914 | D:14     | Received a gift from Trog
 33077 | D:15     | Entered Level 15 of the Dungeon
 33086 | D:15     | Noticed puck's ghost (journeyman MiBe)
 33107 | D:15     | HP: 5/216 [puck's ghost (14)]
 33110 | D:15     | Killed puck's ghost
 33110 | D:15     | HP: 2/216 [meliai/war axe (3)]
 34697 | D:15     | Reached skill level 19 in Armour
 35043 | D:15     | Found a shadowy altar of Dithmenos.
 35406 | D:15     | Found a staircase to the Depths.
 35892 | Temple   | Entered the Ecumenical Temple
 36513 | Elf:1    | Entered Level 1 of the Elven Halls
 36523 | Elf:1    | Received a gift from Trog
 36528 | Elf:1    | Reached XP level 16. HP: 127/155 MP: 15/15
 37168 | Elf:1    | Received a gift from Trog
 37181 | Elf:1    | Noticed Nikola
 37194 | Elf:1    | Killed Nikola
 37194 | Elf:1    | Reached skill level 20 in Armour
 37605 | Elf:1    | Noticed Asterion
 37654 | Elf:1    | Noticed an Executioner
 37667 | Elf:1    | Killed Asterion
 37906 | Elf:1    | Identified the Catalogue of Necromancy
 38084 | Elf:1    | Found Qason's Antique Weapon Shoppe.
 38084 | Elf:1    | Found Nacur's General Store.
 38085 | Elf:1    | Found Ynejuliq's Antique Armour Shoppe.
 38087 | Elf:1    | Found Nuecwap's General Store.
 39330 | Elf:2    | Found Xiunwel's Distillery.
 39330 | Elf:2    | Found Kuphipt's Distillery.
 39331 | Elf:2    | Found Fumye's Magic Scroll Shop.
 39333 | Elf:2    | Found Ipnoneiph's Food Boutique.
 39400 | Elf:2    | Found a runed gate.
 39400 | Elf:2    | Found a runed gate.
 39407 | Elf:2    | Found a runed gate.
 39889 | Elf:2    | Reached skill level 21 in Armour
 39943 | Elf:2    | Received a gift from Trog
 40363 | Elf:2    | Noticed a deep elf blademaster
 40489 | Elf:2    | Killed a deep elf blademaster
 40581 | Elf:2    | Received a gift from Trog
 41353 | Elf:3    | Entered Level 3 of the Elven Halls
 41358 | Elf:3    | Reached XP level 17. HP: 168/168 MP: 16/16
 41666 | Elf:3    | Found a radiant altar of Vehumet.
 42006 | Elf:3    | Noticed a deep elf blademaster
 42011 | Elf:3    | Noticed a deep elf master archer
 42029 | Elf:3    | Noticed a deep elf blademaster
 42051 | Elf:3    | Killed a deep elf blademaster
 42600 | Elf:3    | Killed a ghostly deep elf blademaster
 42625 | Elf:3    | Killed a deep elf blademaster
 42639 | Elf:3    | Received a gift from Trog
 43208 | Elf:3    | Killed a deep elf master archer
 43551 | Elf:3    | Noticed a deep elf master archer
 43559 | Elf:3    | Killed a deep elf master archer
 43764 | Elf:3    | Noticed a Brimstone Fiend
 44304 | Elf:3    | Got a flickering turquoise ring
 44406 | Elf:3    | Identified the Compendium of Hurtful Self-Knowledge
 44414 | Elf:3    | Noticed a Tzitzimitl
 45053 | Elf:3    | Identified the ring "Mawituz" {MR+ Stlth+} (You took it off a deep elf death mage on level 3 of the Elven Halls)
 45072 | Elf:3    | Got a faintly glowing plate armour
 45083 | Elf:3    | Identified the +1 plate armour of Mawkept {+Inv} (You found it on level 3 of the Elven Halls)
 45284 | Elf:2    | Received a gift from Trog
 45300 | Elf:2    | Noticed Roxanne
 45722 | Shoals:1 | Entered Level 1 of the Shoals
 46703 | Shoals:1 | Reached skill level 22 in Armour
 47090 | Shoals:1 | Found Cuosh's Food Emporium.
 48979 | Shoals:2 | Received a gift from Trog
 49469 | Shoals:2 | Reached XP level 18. HP: 172/182 MP: 17/17
 49690 | Shoals:3 | Got a transparent turquoise ring
 50507 | Shoals:3 | Received a gift from Trog
 50882 | Shoals:2 | HP: 3/183 [sea snake (15)]
 52540 | Shoals:3 | Reached skill level 23 in Armour
 52653 | Shoals:4 | Entered Level 4 of the Shoals
 53225 | Shoals:4 | Noticed Ilsuiw
 53234 | Shoals:4 | Received a gift from Trog
 53266 | Shoals:4 | Killed from afar by a water nymph

Vault maps used:
D:1:      lemuel_arrival_river_ford
D:3:      minmay_misc_feat_roman, minmay_strange_pillars,
          kennysheep_generic_room_12
D:4:      first_ration, uniq_duvessa, uniq_edmund
D:5:      yredelemnul_forgotten_temple_becter, minmay_temple_entry_grid,
          minivault_26, uniq_crazy_yiuf_cottage
D:6:      basic_altar, kennysheep_doodads
D:8:      hangedman_pestilent_swarm, hex_tiny
D:9:      nicolae_overflow_hidden_temple, minitemple, lair_entry_dummy,
          orc_0_dummy, serial_shops, nicolae_shop_waterfront,
          nicolae_shop_window_shopping, shop, minmay_misc_feat_nine_boxes,
          introduction_to_nature_1
D:10:     serial_shops, shop
D:11:     lemuel_insect_pit, lab_entry_generic, minivault_25_ag, st_stairs_6
D:12:     basic_altar, kennysheep_nub, uniq_harold, uniq_rupert, uniq_josephine
D:13:     emtedronai_trogs_sanctum, lightli_vaults_fourway_checkpoint,
          st_stairs_3, uniq_snorg, uniq_sonja, uniq_erolcha
D:14:     serial_glass, glass_columns_a, glass_columns_a, glass_columns_b,
          glass_columns_c, unseen_surprise_small, feat_on_display, uniq_louise
D:15:     grunt_enter_depths_magical_seal, serial_bayou_pond_c, minivault_16,
          hangedman_abyss_or_decor_lesser_grid, grunt_dithmenos_smoke
Temple:   bh_familiar_temple
Lair:1:   infiniplex_staircase_pool_2
Lair:3:   elwin_shoals_entry_stream, nicolae_volcano_entry_lava_flow,
          serial_bayou_shore_b
Lair:4:   spider_nest_entry_funnel_web, minmay_lair_oklob_bushes,
          grunt_megastairs_2
Lair:5:   grunt_megastairs_1
Lair:6:   hangedman_lair_in_review, slime_altar_1
Shoals:1: serial_shops, shop, nicolae_shoals_square_sea_wall
Shoals:4: shoals_end_grunt_ice, shoals_ilsuiw_ice, nicolae_shoals_kraken_party
Orc:1:    uniq_fannar, uniq_nergalle
Orc:2:    grunt_orc_gardens, grunt_orc_garden, grunt_orc_garden,
          grunt_orc_garden, grunt_orc_garden, serial_shops,
          nicolae_shop_competitors_out_of_business,
          nicolae_shop_competitors_out_of_business, basic_altar
Elf:1:    eino_elf_arrival_sip, minmay_elf_necromancy, minmay_shop_grid_forest,
          uniq_asterion, uniq_nikola
Elf:2:    minmay_shoptagon, uniq_roxanne
Elf:3:    grunt_elf_hall_asides, basic_altar, spider_trap
Lab:      labyrinth_mini_lab
Volcano:  volcano_aerie

Skill      XL: |  1  2  3  4  5  6  7  8  9 10 11 12 13 14 15 16 17 18 |
---------------+-------------------------------------------------------+-----
Maces & Flails | 4 5 6 7 9 11 13 14 15 19 20 | 20.0
Fighting       | 5 8 10 12 14 17 19 21 22 | 22.1
Armour         | 8 11 12 14 17 19 21 22 23 | 23.1
Dodging        | 3 4 5 6 7 |  7.1

Action                   |  1- 3 |  4- 6 |  7- 9 | 10-12 | 13-15 | 16-18 || total
-------------------------+-------+-------+-------+-------+-------+-------++-------
Melee: Mace              |    93 |   116 |     9 |       |       |       ||   218
       Headbutt          |    10 |    18 |    38 |   117 |   245 |   213 ||   641
       Flail             |       |       |   249 |   335 |       |       ||   584
       Great mace        |       |       |       |   198 |   235 |       ||   433
       Dire flail        |       |       |       |       |   854 |  1067 ||  1921
Invok: Berserk           |       |     3 |     3 |    10 |    16 |    15 ||    47
       Trog's Hand       |       |       |       |     2 |     2 |     4 ||     8
       Brothers in Arms  |       |       |       |     2 |     6 |     4 ||    12
       Burn Spellbooks   |       |       |       |     1 |     1 |     3 ||     5
 Abil: Evoke Flight      |       |       |       |       |       |     4 ||     4
  Use: Potion            |       |       |       |     1 |     2 |     9 ||    12
       Scroll            |       |       |       |     9 |    25 |    15 ||    49
 Stab: Sleeping          |     1 |       |       |       |       |       ||     1
       Distracted        |       |       |       |     2 |     1 |       ||     3
       Petrified         |       |       |       |       |     4 |       ||     4
  Eat: Chunk             |     1 |     9 |    19 |    25 |    40 |    18 ||   112
       Ration            |       |       |     1 |     4 |    11 |    15 ||    31
Armor: Animal skin       |    18 |     1 |       |       |       |       ||    19
       Chain mail        |       |    69 |    95 |   103 |       |       ||   267
       Plate armour      |       |       |       |   194 |   520 |   723 ||  1437
       Ring mail         |       |       |       |       |     9 |       ||     9
Dodge: Dodged            |    69 |    53 |    78 |   233 |   440 |   542 ||  1415

Table legend:
 A = Spawn XP
 B = Non-spawn XP
 C = Spawn XP percentage of total XP
 D = Spawn monster count
 E = Non-spawn monster count
 F = Spawn count percentage of total count
 G = Total turns spent on level
                    A         B        C        D         E        F      G
               +---------+---------+-------+---------+---------+-------+---------
         Total |       0 |  330341 |   0.0 |       0 |     993 |   0.0 | 53266
               +---------+---------+-------+---------+---------+-------+---------
           D:1 |       0 |      50 |   0.0 |       0 |      29 |   0.0 |   857
           D:2 |       0 |      68 |   0.0 |       0 |      18 |   0.0 |   940
           D:3 |       0 |     143 |   0.0 |       0 |      19 |   0.0 |   813
           D:4 |       0 |     783 |   0.0 |       0 |      17 |   0.0 |  1360
           D:5 |       0 |     675 |   0.0 |       0 |      19 |   0.0 |  1471
           D:6 |       0 |    1142 |   0.0 |       0 |      32 |   0.0 |  1633
           D:7 |       0 |    1253 |   0.0 |       0 |      25 |   0.0 |  1361
           D:8 |       0 |    2464 |   0.0 |       0 |      28 |   0.0 |  2044
           D:9 |       0 |    2916 |   0.0 |       0 |      33 |   0.0 |  1751
          D:10 |       0 |    3729 |   0.0 |       0 |      40 |   0.0 |  1621
          D:11 |       0 |    4277 |   0.0 |       0 |      31 |   0.0 |  1664
          D:12 |       0 |    8006 |   0.0 |       0 |      26 |   0.0 |  1310
          D:13 |       0 |   27355 |   0.0 |       0 |      74 |   0.0 |  2785
          D:14 |       0 |    9849 |   0.0 |       0 |      31 |   0.0 |  2182
          D:15 |       0 |   24181 |   0.0 |       0 |      47 |   0.0 |  1918
        Lair:1 |       0 |    4468 |   0.0 |       0 |      21 |   0.0 |  1367
        Lair:2 |       0 |    7847 |   0.0 |       0 |      22 |   0.0 |  1255
        Lair:3 |       0 |    5068 |   0.0 |       0 |      20 |   0.0 |  2143
        Lair:4 |       0 |    4216 |   0.0 |       0 |      16 |   0.0 |  1044
        Lair:5 |       0 |    7887 |   0.0 |       0 |      46 |   0.0 |  1398
        Lair:6 |       0 |   14674 |   0.0 |       0 |      32 |   0.0 |  1569
      Shoals:1 |       0 |   12291 |   0.0 |       0 |      26 |   0.0 |  1641
      Shoals:2 |       0 |   19837 |   0.0 |       0 |      41 |   0.0 |  2924
      Shoals:3 |       0 |   28319 |   0.0 |       0 |      64 |   0.0 |  2095
      Shoals:4 |       0 |    9660 |   0.0 |       0 |      17 |   0.0 |   226
         Orc:1 |       0 |    3192 |   0.0 |       0 |      12 |   0.0 |  1003
         Orc:2 |       0 |   11633 |   0.0 |       0 |      62 |   0.0 |  2373
         Elf:1 |       0 |   26410 |   0.0 |       0 |      39 |   0.0 |  2150
         Elf:2 |       0 |   40160 |   0.0 |       0 |      55 |   0.0 |  3819
         Elf:3 |       0 |   41369 |   0.0 |       0 |      35 |   0.0 |  2637
           Lab |       0 |    1091 |   0.0 |       0 |       1 |   0.0 |   868
       Volcano |       0 |    5328 |   0.0 |       0 |      15 |   0.0 |   861
               +---------+---------+-------+---------+---------+-------+---------
